[Event "Late Titled Tuesday Blitz February 8 2022"]
[White "Vusatiuk, Vladimir"]
[Black "Erdogdu, Mert"]
[WhiteFideId "14118610"]
[BlackFideId "6301495"]
[WhiteElo "2157"]
[BlackElo "2485"]
[Result "1-0"]
[Round "06"]
[TimeControl "180+1"]
[Date "2022.02.09"]
[WhiteClock "0:00:12"]
[BlackClock "0:00:06"]

1. Nf3 d5 2. h4 c5 3. h5 Nc6 4. d3 h6 5. Nbd2 Nf6 6. e4 e5 7. exd5 Qxd5 8. Be2 Bg4 9. Nh4 Bxe2 10. Qxe2 Nd4 11. Qd1 O-O-O 12. Nc4 e4 13. Ne3 Qe6 14. dxe4 Nxe4 15. c3 Nc6 16. Qg4 Ne5 17. Qxe6+ fxe6 18. Ng6 Nd3+ 19. Ke2 Rg8 20. Ng4 c4 21. Rh3 Bc5 22. Be3 Rge8 23. Bxc5 Nexc5 24. b4 Na4 25. N4e5 Nxc3+ 26. Kf1 Ne4 27. Nxc4 Nexf2 28. Rf3 Ng4 29. Rd1 Nh2+ 30. Ke2 Nxf3 31. gxf3 Nxb4 32. Nd6+ Rxd6 33. Rxd6 Nc6 34. Nf4 e5 35. Ne6 Re7 36. Ke3 a6 37. Ke4 Kb8 38. Kf5 Ka7 39. Kg6 a5 40. Nxg7 Kb6 41. Kxh6 Kc5 42. Rd1 b5 43. Kg6 Kb6 44. h6 Nd4 45. Rxd4 exd4 46. h7 Re6+ 47. Nxe6 d3 48. h8=Q d2 49. Qd4+ Ka6 50. Qxd2 a4 51. Qd6+ Ka5 52. a3 b4 53. Qxb4+ Ka6 54. Nc5+ Ka7 55. Qb7# 1-0


[Site "https://www.chess.com"]

[Event "Late Titled Tuesday Blitz February 8 2022"]
[White "Wan, Joseph"]
[Black "Peatman, Carter"]
[WhiteFideId "2069890"]
[BlackFideId "2096480"]
[WhiteElo "2149"]
[BlackElo "2418"]
[Result "1-0"]
[Round "06"]
[TimeControl "180+1"]
[Date "2022.02.09"]
[WhiteClock "0:02:16"]
[BlackClock "0:01:56"]

1. d4 d5 2. Bf4 c5 3. e3 Nc6 4. Nf3 Nf6 5. Nbd2 Qb6 6. dxc5 Qxb2 7. c4 Bf5 8. Qc1 Qxc1+ 9. Rxc1 e6 10. Nd4 Nxd4 11. exd4 Be7 12. cxd5 Nxd5 13. Bb5+ Kf8 14. Bg3 Bg5 15. h4 Bh6 16. Bd6+ Kg8 17. f3 Bf4 18. g4 Bg3+ 19. Bxg3 1-0


[Site "https://www.chess.com"]

[Event "Late Titled Tuesday Blitz February 8 2022"]
[White "Weetik, Vjacheslav"]
[Black "Noboa Silva, Kevin"]
[WhiteFideId "4153472"]
[BlackFideId "3618471"]
[WhiteElo "2469"]
[BlackElo "2161"]
[Result "1/2-1/2"]
[Round "06"]
[TimeControl "180+1"]
[Date "2022.02.09"]
[WhiteClock "0:00:04"]
[BlackClock "0:00:13"]

1. d4 Nf6 2. Nf3 e6 3. c4 Bb4+ 4. Bd2 Qe7 5. g3 Nc6 6. Bg2 Bxd2+ 7. Qxd2 Ne4 8. Qc2 Qb4+ 9. Nbd2 Nxd2 10. Qxd2 Qxc4 11. O-O O-O 12. e4 Qb4 13. Qe3 Qb6 14. h4 d6 15. Rac1 Qxb2 16. d5 exd5 17. exd5 Ne5 18. Nxe5 dxe5 19. Rxc7 Bf5 20. d6 Rad8 21. Rxb7 Qxa2 22. Qxe5 Be6 23. Ra1 Qd2 24. Raxa7 Qxd6 25. Qe3 Qd1+ 26. Kh2 Bd5 27. Bxd5 Qxd5 28. Re7 h5 29. Qf4 Rc8 30. Rad7 Qa2 31. Rd2 Qa3 32. Red7 Qa8 33. Re2 Qa6 34. Red2 Qa8 35. Re2 Rb8 36. Qe3 Rb1 37. Re1 Rxe1 38. Qxe1 Qf3 39. Re7 g6 40. Re3 Qd5 41. Re5 Qc6 42. Qe2 Ra8 43. Re3 Kh7 44. Rf3 Kg8 45. Re3 Kg7 46. Qb2+ Kg8 47. Qe2 1/2-1/2


[Site "https://www.chess.com"]

[Event "Late Titled Tuesday Blitz February 8 2022"]
[White "Wu, Christopher"]
[Black "Mekhitarian, Krikor Sevag"]
[WhiteFideId "2040875"]
[BlackFideId "2107660"]
[WhiteElo "2664"]
[BlackElo "2598"]
[Result "1/2-1/2"]
[Round "06"]
[TimeControl "180+1"]
[Date "2022.02.08"]
[WhiteClock "0:00:25"]
[BlackClock "0:00:03"]

1. d4 Nf6 2. c4 g6 3. Nc3 d5 4. cxd5 Nxd5 5. g3 Bg7 6. Bg2 Nb6 7. Nf3 Nc6 8. e3 e5 9. d5 Ne7 10. e4 O-O 11. O-O Bg4 12. h3 Bxf3 13. Qxf3 c6 14. Rd1 cxd5 15. exd5 Nf5 16. Qd3 Nd6 17. Be3 Nbc4 18. Rab1 Nxe3 19. Qxe3 f5 20. Rbc1 e4 21. b3 a6 22. Na4 Rc8 23. Nc5 Qe7 24. Ne6 Rxc1 25. Rxc1 Rc8 26. Rxc8+ Nxc8 27. f3 exf3 28. Bxf3 Nd6 29. Qc5 Be5 30. Kg2 Kf7 31. h4 Kf6 32. Qe3 Nf7 33. g4 fxg4 34. Bxg4 Qb4 35. Kh3 Qc3 36. Qxc3 Bxc3 37. Nc5 Nd6 38. Nd7+ Ke7 39. Kg3 h5 40. Bh3 Bd4 41. Kf4 Bf6 42. Ne5 Bxe5+ 43. Kxe5 Nf7+ 44. Kf4 Kf6 45. Be6 Nd6 46. Bd7 a5 47. a3 b6 48. b4 Nc4 49. bxa5 bxa5 50. a4 Nd6 51. Bh3 Nb7 52. Bd7 Nd6 53. Bh3 Nc4 54. Bd7 Ke7 55. Bc6 Kf6 56. Bd7 1/2-1/2


[Site "https://www.chess.com"]

[Event "Late Titled Tuesday Blitz February 8 2022"]
[White "Xie, Bryan"]
[Black "Wachinger, Guenther"]
[WhiteFideId "30941296"]
[BlackFideId "4604261"]
[WhiteElo "1899"]
[BlackElo "2212"]
[Result "0-1"]
[Round "06"]
[TimeControl "180+1"]
[Date "2022.02.09"]
[WhiteClock "0:00:04"]
[BlackClock "0:00:26"]

1. d4 Nf6 2. Nf3 d5 3. Bf4 c5 4. e3 Nc6 5. Nbd2 e6 6. h3 Bd6 7. dxc5 Bxc5 8. Ne5 O-O 9. Bd3 Bd6 10. Nxc6 bxc6 11. Bxd6 Qxd6 12. O-O Rb8 13. Rb1 e5 14. e4 Bb7 15. Re1 Rfe8 16. c3 h6 17. Bc2 Ba8 18. exd5 cxd5 19. Ne4 Nxe4 20. Bxe4 Qc5 21. Bc2 Rbd8 22. Qh5 d4 23. Rbd1 Qd5 24. Be4 Qxa2 25. Bxa8 Rxa8 26. Rxe5 dxc3 27. bxc3 Qb3 28. Rde1 Rxe5 29. Qxe5 a5 30. Qd4 a4 31. Ra1 a3 32. c4 Ra4 33. Qd8+ Kh7 34. c5 a2 35. Kh2 Qc3 36. Qd1 Ra3 37. Rc1 Qxc1 38. Qxc1 a1=Q 39. Qc2+ g6 40. c6 Ra7 41. c7 Qe5+ 42. g3 Rxc7 43. Qd2 Re7 44. Kg2 Qe4+ 45. Kf1 Qh1# 0-1


[Site "https://www.chess.com"]

[Event "Late Titled Tuesday Blitz February 8 2022"]
[White "Xiong, Jeffery"]
[Black "Kravtsiv, Martyn"]
[WhiteFideId "2047640"]
[BlackFideId "14113147"]
[WhiteElo "2727"]
[BlackElo "2694"]
[Result "1/2-1/2"]
[Round "06"]
[TimeControl "180+1"]
[Date "2022.02.08"]
[WhiteClock "0:00:05"]
[BlackClock "0:00:06"]

1. d4 d5 2. c4 e6 3. Nc3 Bb4 4. Bd2 Nf6 5. Qa4+ Nc6 6. Nf3 Bd7 7. Qb3 O-O 8. a3 dxc4 9. Qxc4 Bd6 10. Bg5 h6 11. Bh4 e5 12. dxe5 Nxe5 13. Nxe5 Bxe5 14. Rd1 Be6 15. Qc5 Bd6 16. Qd4 g5 17. Bg3 Bxg3 18. hxg3 Qxd4 19. Rxd4 Kg7 20. e4 Rfd8 21. Rxd8 Rxd8 22. Be2 c6 23. f3 Bb3 24. Kf2 Rd2 25. Rb1 Nh5 26. f4 Nf6 27. Ke3 Rd7 28. Rc1 Re7 29. Bf3 g4 30. Be2 Nxe4 31. Nxe4 f5 32. Bxg4 Rxe4+ 33. Kd3 Kf6 34. Bf3 Re7 35. Rh1 Kg6 36. Bh5+ Kf6 37. Bf3 Kg6 38. Kd4 Bd5 39. b4 Rd7 40. Ke3 Re7+ 41. Kd4 Rd7 42. Ke5 Bxf3 43. gxf3 Rd5+ 44. Ke6 Rd3 45. g4 Re3+ 46. Kd6 Rxf3 47. gxf5+ Kxf5 48. Rxh6 Rxa3 49. Kc7 b6 50. Kxc6 Kxf4 51. b5 Ke5 52. Rh5+ Kf6 53. Rh1 Rc3+ 54. Kb7 Ra3 55. Re1 Kf5 56. Re8 Kf4 57. Ra8 Ra5 58. Rxa7 Rxb5 59. Ra6 Rb4 60. Rxb6 Rxb6+ 61. Kxb6 1/2-1/2


[Site "https://www.chess.com"]

[Event "Late Titled Tuesday Blitz February 8 2022"]
[White "Yoo, Christopher Woojin"]
[Black "Garriga Cazorla, Pere"]
[WhiteFideId "30909694"]
[BlackFideId "32011601"]
[WhiteElo "2105"]
[BlackElo "2458"]
[Result "1-0"]
[Round "06"]
[TimeControl "180+1"]
[Date "2022.02.08"]
[WhiteClock "0:00:04"]
[BlackClock "0:00:06"]

1. e4 c5 2. Nf3 Nc6 3. b4 cxb4 4. d4 g6 5. a3 b3 6. cxb3 Bg7 7. Bb2 e6 8. Nc3 d5 9. e5 Nge7 10. Nb5 O-O 11. Bd3 Bd7 12. O-O f6 13. exf6 Bxf6 14. Ne5 a6 15. Nxd7 Qxd7 16. Nc3 Bxd4 17. Qe2 e5 18. Na4 Bxb2 19. Qxb2 Qd6 20. Rad1 Rad8 21. Rfe1 b5 22. Nc3 Kg7 23. Bf1 Qf6 24. a4 b4 25. Na2 a5 26. Nc1 h5 27. Nd3 e4 28. Qxf6+ Kxf6 29. Nc5 Ne5 30. Bb5 Rb8 31. Rc1 Rfc8 32. Red1 Kf7 33. Kf1 Rc7 34. Na6 Rxc1 35. Rxc1 Rc8 36. Nc7 d4 37. Rc5 Nd3 38. Bc4+ Kf6 39. Bxd3 exd3 40. Ke1 Rd8 41. Kd2 Nf5 42. Kxd3 Nh4 43. Nd5+ Ke5 44. Nxb4+ Ke6 45. Nc6 Rd7 46. Nxd4+ Kf6 47. Rc6+ Kg7 48. Kc4 Nxg2 49. Ne6+ Kh6 50. Nc5 Rd2 51. Ne4 Re2 52. Nc5 Rxf2 53. Kb5 Ne3 54. Kxa5 Rxh2 55. b4 Ra2 56. b5 h4 57. b6 Nc4+ 58. Ka6 h3 59. b7 Rb2 60. Nd3 Rxb7 61. Rxc4 Rb3 62. Rh4+ Kg5 63. Rxh3 Kg4 64. Nf2+ 1-0


[Site "https://www.chess.com"]

[Event "Late Titled Tuesday Blitz February 8 2022"]
[White "Yuan, Qingyu"]
[Black "Jacobson, Brandon"]
[WhiteFideId "8609772"]
[BlackFideId "30901561"]
[WhiteElo "2359"]
[BlackElo "2362"]
[Result "1-0"]
[Round "06"]
[TimeControl "180+1"]
[Date "2022.02.08"]
[WhiteClock "0:00:09"]
[BlackClock "0:00:02"]

1. Nf3 Nf6 2. g3 b6 3. Bg2 Bb7 4. O-O g6 5. b3 Bg7 6. Bb2 O-O 7. c4 e6 8. d4 Qe7 9. Nbd2 c5 10. e3 d5 11. Qe2 cxd4 12. Nxd4 Nbd7 13. cxd5 Nxd5 14. Rfd1 Rac8 15. Rac1 Nc5 16. Nc4 a6 17. Bxd5 exd5 18. Nxb6 Rc7 19. Ba3 Rb8 20. Na4 Bxd4 21. Rxd4 Nxa4 22. Bxe7 Rxc1+ 23. Kg2 Nb6 24. Qf3 Re8 25. Qf6 Nd7 26. Qd6 Nc5 27. Bf6 Ne6 28. Rb4 Rc7 29. Bd4 Rce7 30. h4 a5 31. Ra4 Rc7 32. Qe5 Kf8 33. Rxa5 Rc2 34. Ra7 Nxd4 35. Qh8+ Ke7 36. Rxb7+ Rc7 37. Rxc7+ 1-0


[Site "https://www.chess.com"]

[Event "Late Titled Tuesday Blitz February 8 2022"]
[White "Zhurbinsky, David"]
[Black "Hoffmann, Asa"]
[WhiteFideId "2072904"]
[BlackFideId "2001470"]
[WhiteElo "2555"]
[BlackElo "2117"]
[Result "1-0"]
[Round "06"]
[TimeControl "180+1"]
[Date "2022.02.09"]
[WhiteClock "0:00:08"]
[BlackClock "0:00:31"]

1. e4 d6 2. d4 Nf6 3. Nc3 c6 4. Nf3 Bg4 5. Bc4 e6 6. O-O d5 7. exd5 cxd5 8. Bb5+ Nc6 9. h3 Bh5 10. Bf4 Bd6 11. Bxd6 Qxd6 12. Re1 O-O 13. Be2 a6 14. a4 Rac8 15. Qd3 Bg6 16. Qd2 Nb4 17. Rac1 Ne4 18. Nxe4 Bxe4 19. c3 Nc6 20. Qe3 h6 21. Bd3 f5 22. Bxe4 fxe4 23. Nh2 e5 24. dxe5 Nxe5 25. Rcd1 Rcd8 26. Qg3 Qf6 27. Rf1 Nd3 28. Ng4 Qg6 29. Qc7 Qc6 30. Qxc6 bxc6 31. b4 c5 32. bxc5 Nxc5 33. Rd4 Ne6 34. Rd2 d4 35. cxd4 Nxd4 36. Rfd1 Ne6 37. Ne5 Rxd2 38. Rxd2 Nc5 39. Rd4 Re8 40. Nc6 Re6 41. Rd8+ Kh7 42. Nd4 Rb6 43. a5 Rb4 44. Nc6 Rb5 45. Kh2 Nb3 46. Re8 Nc5 47. Re5 Nd3 48. Rxb5 axb5 49. a6 Nxf2 50. a7 e3 51. a8=Q e2 52. Qe8 b4 53. Qxe2 b3 54. Qxf2 b2 55. Qxb2 Kg6 56. Ne7+ Kf7 57. Nd5 Ke6 58. Ne3 g5 59. Qb5 Kf6 60. Qd5 Kg6 61. Qe6+ Kh5 62. g4+ Kh4 63. Ng2# 1-0


[Site "https://www.chess.com"]

[Event "Late Titled Tuesday Blitz February 8 2022"]
[White "Zivkovic, Nemanja"]
[Black "Pranav, V"]
[WhiteFideId "942154"]
[BlackFideId "25060783"]
[WhiteElo "2388"]
[BlackElo "2349"]
[Result "0-1"]
[Round "06"]
[TimeControl "180+1"]
[Date "2022.02.08"]
[WhiteClock "0:00:05"]
[BlackClock "0:00:17"]

1. e4 e5 2. Nf3 Nf6 3. d3 Nc6 4. Be2 Bc5 5. Nbd2 d6 6. O-O h6 7. c3 g5 8. b4 Bb6 9. Nc4 Rg8 10. a4 a6 11. Nxb6 cxb6 12. Nd2 g4 13. Nc4 h5 14. Be3 h4 15. Nxb6 Rb8 16. b5 Ne7 17. f4 exf4 18. Rxf4 Ng6 19. Rf1 Be6 20. c4 Ne5 21. Qd2 Rg6 22. Nd5 Nxd5 23. cxd5 Bd7 24. d4 Nf3+ 25. Bxf3 gxf3 26. Rxf3 h3 27. g3 axb5 28. axb5 Bxb5 29. Bf4 Kf8 30. Qb4 Ba6 31. e5 Kg8 32. exd6 Qd7 33. Rxa6 Rc8 34. Ra2 Qf5 35. Qb3 Qe4 36. Raf2 Rf6 37. Qd3 Qxd5 38. Qf1 Qe6 39. Re3 Qg4 40. Re5 Rg6 41. d5 Rd8 42. Re7 Rg7 43. d7 Qg6 44. Qe2 Kh7 45. Re8 Rxd7 46. Qe4 f5 47. Qe6 Qh5 48. Rd8 Rxd8 49. d6 Re8 50. Rf1 Rxe6 0-1


[Site "https://www.chess.com"]

[Event "Late Titled Tuesday Blitz February 8 2022"]
[White "volunteers1998"]
[Black "Przybylski, Wojciech"]
[BlackFideId "1117599"]
[WhiteElo "2237"]
[BlackElo "2133"]
[Result "0-1"]
[Round "06"]
[TimeControl "180+1"]
[Date "2022.02.09"]
[WhiteClock "0:00:17"]
[BlackClock "0:00:13"]

1. e4 c5 2. Nf3 e6 3. d4 cxd4 4. Nxd4 Nc6 5. Nc3 Qc7 6. Be3 a6 7. Be2 Nf6 8. O-O Be7 9. f4 d6 10. Qe1 Bd7 11. Qg3 Nxd4 12. Bxd4 Bc6 13. Rad1 O-O 14. Bf3 g6 15. e5 Nd7 16. exd6 Bxd6 17. Bxc6 Qxc6 18. Rd2 Bc5 19. Qf2 Bxd4 20. Rxd4 Nf6 21. Rfd1 Qb6 22. b3 Rac8 23. Na4 Qa7 24. c4 b5 25. Nb2 bxc4 26. Nxc4 Qc5 27. h3 Nd5 28. Ne5 Nc3 29. R1d2 Qe7 30. Ng4 h5 31. Ne5 Nd5 32. Qe2 Rc1+ 33. Kh2 h4 34. Qxa6 Ne3 35. Rd7 Qf6 36. Rf2 Nf5 37. Qb7 Ng3 0-1


[Site "https://www.chess.com"]

[Event "Late Titled Tuesday Blitz February 8 2022"]
[White "Adewumi, Tanitoluwa"]
[Black "Ramirez, Alejandro"]
[WhiteFideId "30966396"]
[BlackFideId "6500617"]
[WhiteElo "2466"]
[BlackElo "2694"]
[Result "0-1"]
[Round "07"]
[TimeControl "180+1"]
[Date "2022.02.08"]
[WhiteClock "0:00:02"]
[BlackClock "0:00:56"]

1. b3 e5 2. Bb2 Nc6 3. e3 Nf6 4. Bb5 Bd6 5. Nf3 Qe7 6. O-O e4 7. Nh4 Be5 8. Nf5 Qc5 9. Nc3 Bxc3 10. Nxg7+ Kf8 11. Bxc3 Ne5 12. Bd4 Qxb5 13. c4 Qa6 14. Bxe5 Kxg7 15. f3 Re8 16. Bc3 Kg8 17. fxe4 Nxe4 18. Qf3 Qg6 19. Qf4 Nxc3 20. dxc3 d6 21. Rf3 Re4 0-1


[Site "https://www.chess.com"]

[Event "Late Titled Tuesday Blitz February 8 2022"]
[White "Ambartsumova, Karina"]
[Black "Stankovic, Ivan G"]
[WhiteFideId "4166299"]
[BlackFideId "902837"]
[WhiteElo "2262"]
[BlackElo "2195"]
[Result "1-0"]
[Round "07"]
[TimeControl "180+1"]
[Date "2022.02.09"]
[WhiteClock "0:00:19"]
[BlackClock "0:00:20"]

1. c4 Nf6 2. Nf3 g6 3. Nc3 d6 4. d4 Bf5 5. g3 Bg7 6. Bg2 c6 7. O-O O-O 8. Ne1 Qc8 9. e4 Bh3 10. Bg5 Bxg2 11. Nxg2 e5 12. Qf3 exd4 13. Bxf6 dxc3 14. Bxg7 Kxg7 15. Qxc3+ Kg8 16. Rad1 Qe6 17. Rfe1 Na6 18. Nf4 Qe7 19. Qa3 Rfd8 20. e5 Re8 21. Qxd6 Qxd6 22. Rxd6 Nc5 23. b4 Na6 24. a3 Re7 25. Nd3 Rae8 26. f4 Nc7 27. Nc5 a5 28. Nxb7 axb4 29. axb4 Rb8 30. Rd8+ Rxd8 31. Nxd8 Rd7 32. Nxc6 Rd2 33. b5 Rc2 34. b6 Na6 35. b7 Rxc4 36. b8=Q+ Nxb8 37. Nxb8 1-0


[Site "https://www.chess.com"]

[Event "Late Titled Tuesday Blitz February 8 2022"]
[White "Bambino Filho, Antonio Carlos"]
[Black "Balint, Vilmos"]
[WhiteFideId "2113163"]
[BlackFideId "718050"]
[WhiteElo "2448"]
[BlackElo "2059"]
[Result "1-0"]
[Round "07"]
[TimeControl "180+1"]
[Date "2022.02.09"]
[WhiteClock "0:00:08"]
[BlackClock "0:00:12"]

1. e4 e5 2. Nf3 Nc6 3. Nc3 Nf6 4. a4 Bb4 5. Bd3 O-O 6. O-O Re8 7. Ne2 d5 8. Ng3 dxe4 9. Nxe4 Nxe4 10. Bxe4 f5 11. Bxc6 bxc6 12. c3 Bd6 13. d4 e4 14. Ng5 Be7 15. Qh5 Bxg5 16. Bxg5 Qd7 17. Bf4 Ba6 18. Rfe1 Rab8 19. b4 Bc4 20. Re3 a5 21. bxa5 c5 22. Be5 cxd4 23. cxd4 Qxa4 24. Rae1 Qd7 25. Rg3 Re7 26. h4 Ra8 27. Rc1 Qe6 28. Qg5 h6 29. Qh5 c5 30. Rg6 Qd5 31. Qxh6 Raa7 32. Rb1 Rxe5 33. Rb8+ Re8 34. Rxe8+ Kf7 35. Rxg7+ Kxe8 36. Qh8+ Qg8 37. Rxg8+ Bxg8 38. Qxg8+ Kd7 39. Qg7+ Kc6 40. Qxa7 1-0


[Site "https://www.chess.com"]

[Event "Late Titled Tuesday Blitz February 8 2022"]
[White "Barp, Alberto"]
[Black "Avazkhonov, Alikhon"]
[WhiteFideId "872555"]
[BlackFideId "14208504"]
[WhiteElo "2229"]
[BlackElo "1739"]
[Result "1-0"]
[Round "07"]
[TimeControl "180+1"]
[Date "2022.02.09"]
[WhiteClock "0:01:30"]
[BlackClock "0:00:07"]

1. d4 Nf6 2. c4 g6 3. Nf3 Bg7 4. Nc3 O-O 5. e4 d6 6. Be2 e5 7. dxe5 dxe5 8. Qxd8 Rxd8 9. Bg5 c6 10. Nxe5 Re8 11. f4 h6 12. Bh4 g5 13. fxg5 hxg5 14. Bg3 Nxe4 15. Nxe4 Bxe5 16. Bxe5 Rxe5 17. Nc3 Bg4 18. O-O-O Bxe2 19. Rd8+ Kg7 20. Re1 f6 21. Rxe2 Rxe2 22. Nxe2 Kf7 23. Nd4 Ke7 24. Rh8 Kd6 25. g3 Kc7 26. h4 gxh4 27. gxh4 c5 28. Nb5+ Kb6 29. h5 a6 30. Nc3 Ka7 31. h6 Nc6 32. Rxa8+ Kxa8 33. h7 1-0


[Site "https://www.chess.com"]

[Event "Late Titled Tuesday Blitz February 8 2022"]
[White "Bibasa, Bob"]
[Black "Pakleza, Zbigniew"]
[WhiteFideId "10000240"]
[BlackFideId "1119290"]
[WhiteElo "2056"]
[BlackElo "2467"]
[Result "0-1"]
[Round "07"]
[TimeControl "180+1"]
[Date "2022.02.08"]
[WhiteClock "0:00:18"]
[BlackClock "0:00:21"]

1. e4 d6 2. d4 Nf6 3. Nc3 c6 4. f4 Qb6 5. Nf3 Bg4 6. e5 Nd5 7. Nxd5 cxd5 8. c3 Nc6 9. Bd3 e6 10. Qe2 O-O-O 11. Be3 Be7 12. O-O-O g6 13. h3 Bf5 14. Bb5 Kb8 15. g4 Be4 16. Rhf1 Rc8 17. Nd2 a6 18. Bxc6 Qxc6 19. Nxe4 dxe4 20. exd6 Bxd6 21. Kb1 f5 22. Qc2 Qd5 23. Qb3 Qxb3 24. axb3 Rcf8 25. d5 e5 26. fxe5 Bxe5 27. d6 f4 28. Bd4 Bxd4 29. Rxd4 Rf6 30. Rxe4 Rhf8 31. d7 Kc7 32. Rd4 g5 33. Kc2 Rd6 34. Rxd6 Kxd6 35. Rd1+ Ke7 36. b4 Rd8 37. Rd5 h6 38. Re5+ Kf6 39. Rf5+ Ke6 40. b5 axb5 41. Rxb5 Rxd7 42. Rb6+ Ke5 43. Rxh6 f3 44. Rg6 Rf7 45. Rxg5+ Kf4 46. Rd5 f2 47. Rd1 Ke3 48. g5 Rf5 49. g6 Rg5 50. b4 Rxg6 51. c4 Rg1 52. Rd3+ Ke2 53. Rd2+ Kf3 54. Rxf2+ Kxf2 55. c5 Rg3 56. b5 Ke3 57. Kc3 Ke4+ 58. Kc4 Ke5 59. c6 bxc6 60. bxc6 Kd6 61. Kb5 Kc7 62. Kc5 Rxh3 63. Kd5 Rh6 64. Ke5 Rxc6 65. Ke4 Rd6 66. Kf4 Kd7 67. Ke3 Re6+ 68. Kf3 Kd6 69. Kf4 Kd5 70. Kf3 Re4 71. Kf2 Kd4 72. Kf3 Kd3 73. Kf2 Re3 74. Kf1 Re2 75. Kg1 Ke3 76. Kf1 Kf3 77. Kg1 Kg3 78. Kf1 Re3 79. Kg1 Re1# 0-1


[Site "https://www.chess.com"]

[Event "Late Titled Tuesday Blitz February 8 2022"]
[White "Bilan, Danila"]
[Black "Papasimakopoulos, Alexandros"]
[WhiteFideId "24161918"]
[BlackFideId "4244125"]
[WhiteElo "2164"]
[BlackElo "2340"]
[Result "1-0"]
[Round "07"]
[TimeControl "180+1"]
[Date "2022.02.08"]
[WhiteClock "0:00:04"]
[BlackClock "0:00:31"]

1. d4 e6 2. Nf3 Nf6 3. c4 Bb4+ 4. Nc3 c5 5. e3 d6 6. Qc2 Nc6 7. Be2 O-O 8. O-O e5 9. dxc5 e4 10. Nd2 Bxc3 11. Qxc3 dxc5 12. b3 Bg4 13. Bxg4 Nxg4 14. Nxe4 Qh4 15. h3 Nge5 16. Nxc5 Rad8 17. Bb2 b6 18. Na6 Rd3 19. Qc2 Rd7 20. Rad1 Re7 21. Ba3 Re6 22. Bxf8 Rg6 23. Qf5 Kxf8 24. f4 Qg3 25. Qe4 h5 26. fxe5 Kg8 27. Qf3 Qxe5 28. Rd5 Qe7 29. c5 b5 30. Rf5 Ne5 31. Qe4 f6 32. c6 Qd6 33. Rxe5 fxe5 34. c7 Qxa6 35. Qa8+ Kh7 36. c8=Q Qxc8 37. Qxc8 Rg5 38. Qc5 e4 39. Qxg5 1-0


[Site "https://www.chess.com"]

[Event "Late Titled Tuesday Blitz February 8 2022"]
[White "Borisova, Ekaterina"]
[Black "Iskusnyh, Sergei"]
[WhiteFideId "34124184"]
[BlackFideId "4120027"]
[WhiteElo "2034"]
[BlackElo "2492"]
[Result "1-0"]
[Round "07"]
[TimeControl "180+1"]
[Date "2022.02.09"]
[WhiteClock "0:00:24"]
[BlackClock "0:00:08"]

1. d4 d5 2. c4 c6 3. cxd5 cxd5 4. Bf4 Nc6 5. e3 Nf6 6. Nc3 a6 7. Rc1 Bg4 8. Nf3 e6 9. Qb3 Ra7 10. Ne5 Nxe5 11. Bxe5 Be7 12. Qa4+ Kf8 13. Bd3 Nd7 14. Bg3 Ra8 15. Qb3 b5 16. a4 b4 17. Na2 Qb6 18. O-O h5 19. h3 h4 20. Bc7 Qb7 21. hxg4 h3 22. g3 Nf6 23. Be2 Ne4 24. Rc2 h2+ 25. Kh1 g5 26. Bf3 Kg7 27. Bxe4 dxe4 28. Be5+ f6 29. Rc7 Qb6 30. Rxe7+ Kg6 31. Qxe6 1-0


[Site "https://www.chess.com"]

[Event "Late Titled Tuesday Blitz February 8 2022"]
[White "Bortnyk, Olexandr"]
[Black "Riehle, Marco"]
[WhiteFideId "14120828"]
[BlackFideId "12904392"]
[WhiteElo "2723"]
[BlackElo "2462"]
[Result "1-0"]
[Round "07"]
[TimeControl "180+1"]
[Date "2022.02.08"]
[WhiteClock "0:01:43"]
[BlackClock "0:00:51"]

1. d4 d5 2. Nc3 Nf6 3. Bf4 e6 4. Nb5 Na6 5. e3 Be7 6. Nf3 O-O 7. Ne5 c5 8. c3 Bd7 9. a4 Ne4 10. Bd3 f6 11. Nxd7 Qxd7 12. f3 Nd6 13. O-O c4 14. Bc2 Nxb5 15. axb5 Qxb5 16. Qd2 Rfd8 17. e4 dxe4 18. Qe2 e5 19. Qxe4 exf4 20. Qxh7+ Kf8 21. Bg6 Qd5 22. Rfe1 Bd6 23. Ra5 Qg8 24. Qh3 Nc7 25. Rh5 Re8 26. Bxe8 Rxe8 27. Rxe8+ Nxe8 28. Rh8 Qxh8 29. Qxh8+ Kf7 30. Qh5+ Kf8 31. Qd5 Be7 32. Qxb7 Nd6 33. Qxa7 g5 34. b3 cxb3 35. Qb8+ Kg7 36. Qxb3 f5 37. c4 g4 38. c5 Nf7 39. Qd5 g3 40. Qxf5 gxh2+ 41. Kxh2 Bf6 42. Qxf4 Be7 43. Kg1 Bf6 44. c6 Bd8 45. c7 Bxc7 46. Qxc7 Kg8 47. Qxf7+ Kh8 48. Qe7 1-0


[Site "https://www.chess.com"]

[Event "Late Titled Tuesday Blitz February 8 2022"]
[White "Buscar, Michael"]
[Black "Kraus, Tomas"]
[WhiteFideId "2603616"]
[BlackFideId "331708"]
[WhiteElo "2010"]
[BlackElo "2389"]
[Result "0-1"]
[Round "07"]
[TimeControl "180+1"]
[Date "2022.02.09"]
[WhiteClock "0:00:42"]
[BlackClock "0:00:25"]

1. c4 c6 2. e4 g6 3. d4 Bg7 4. Nf3 d6 5. Nc3 Nf6 6. Be2 O-O 7. h3 Nbd7 8. Be3 e5 9. Qd2 Re8 10. O-O exd4 11. Bxd4 Nc5 12. Bxc5 dxc5 13. Qxd8 Rxd8 14. Rad1 Be6 15. Nd2 Nd7 16. Ndb1 Bd4 17. b3 g5 18. Bg4 Bxg4 19. hxg4 Ne5 20. Kh2 Nxg4+ 21. Kg3 h5 22. Rde1 Bxc3 23. Nxc3 Rd3+ 24. f3 Rxc3 25. Rh1 Nf6 26. Re2 h4+ 27. Kf2 Rd8 28. e5 Nh5 29. e6 Nf4 30. e7 Re8 31. Rd1 f6 32. Rd8 Kf7 33. Re4 Rxe7 0-1


[Site "https://www.chess.com"]

[Event "Late Titled Tuesday Blitz February 8 2022"]
[White "Chernomordik, Pavel"]
[Black "Araujo, Everson De Moura"]
[WhiteFideId "2804530"]
[BlackFideId "22737197"]
[WhiteElo "2249"]
[BlackElo "1861"]
[Result "1-0"]
[Round "07"]
[TimeControl "180+1"]
[Date "2022.02.09"]
[WhiteClock "0:01:24"]
[BlackClock "0:00:12"]

1. e4 c5 2. Nc3 Nc6 3. Bb5 e6 4. Bxc6 dxc6 5. e5 Ne7 6. f4 Nd5 7. Nce2 Be7 8. Nf3 b6 9. d3 Ba6 10. b3 O-O 11. O-O Re8 12. Ng3 Bf8 13. Ne4 Qc7 14. Qe1 b5 15. Ba3 Nxf4 16. Bxc5 Ng6 17. d4 Rad8 18. Qg3 Bxc5 19. Nxc5 Ne7 20. Nxa6 Qb6 21. Nc5 Nf5 22. Qf2 Rd5 23. b4 a5 24. c3 h6 25. a3 Rf8 26. Nd2 Ne7 27. Nde4 Qa7 28. Nd6 Nc8 29. Nxc8 Rxc8 30. Ne4 Rd7 31. Qg3 Kh7 32. bxa5 Qxa5 33. Rf3 Rg8 34. Raf1 Qxa3 35. Rxf7 Rxf7 36. Rxf7 Qc1+ 37. Rf1 Qc2 38. Qg4 Kh8 39. h4 Qd3 40. Rf3 Qd1+ 41. Kh2 Qc1 42. Qg6 Qd1 43. Nd6 1-0


[Site "https://www.chess.com"]

[Event "Late Titled Tuesday Blitz February 8 2022"]
[White "Chigaev, Maksim"]
[Black "Mustafayev, Farid"]
[WhiteFideId "4108116"]
[BlackFideId "13408771"]
[WhiteElo "2502"]
[BlackElo "2129"]
[Result "1-0"]
[Round "07"]
[TimeControl "180+1"]
[Date "2022.02.08"]
[WhiteClock "0:00:03"]
[BlackClock "0:00:21"]

1. e4 Nf6 2. Nc3 d5 3. exd5 Nxd5 4. Bc4 c6 5. Nf3 Bf5 6. O-O e6 7. Re1 Be7 8. d4 O-O 9. Ne4 Nd7 10. c3 Bg6 11. Bb3 N7f6 12. Ng3 c5 13. Ne5 cxd4 14. Qxd4 Qc7 15. Nxg6 hxg6 16. Qc4 Bc5 17. Ne4 Nxe4 18. Qxe4 Qb6 19. Qf3 Ne7 20. g3 a5 21. Bc2 Nf5 22. Kg2 a4 23. a3 Rfd8 24. Rb1 Rd7 25. h4 Rad8 26. Bg5 Be7 27. Bxe7 Nxe7 28. h5 gxh5 29. Qxh5 Rd2 30. Qh7+ Kf8 31. Rf1 Re2 32. Rbd1 Rxd1 33. Bxd1 Rxb2 34. Bxa4 Nf5 35. Qh8+ Ke7 36. Kg1 Qc5 37. Bd1 Qxc3 38. Bg4 Nh6 39. Bh3 Rd2 40. Qb8 Qc6 41. Bg2 Qb6 42. a4 Rd8 43. Qf4 Rd4 44. Qg5+ Kf8 45. a5 Qd8 46. Qc5+ Kg8 47. Bxb7 Rd1 48. a6 Rxf1+ 49. Kxf1 Qd1+ 50. Kg2 Qb1 51. Qc8+ Kh7 52. Qc4 Nf5 53. Qe4 Qb6 54. g4 g6 55. gxf5 exf5 56. Qh4+ Kg7 57. Qg3 Kf6 58. Qe3 Qd6 59. a7 1-0


[Site "https://www.chess.com"]